 Dungeon Crawl Stone Soup version 0.28-a0-1184-g53156a8862 (webtiles) character file.

Game seed: 8451602836416427180

150 ytrimaz the Insei (level 5, -2/34 HPs)
             Began as an Octopode Transmuter on Dec 17, 2021.
             Succumbed to Robin's poison
             ... on level 3 of the Dungeon.
             The game lasted 00:02:53 (2606 turns).

ytrimaz the Insei (Octopode Transmuter)             Turns: 2606, Time: 00:02:53

Health: -2/34      AC:  1    Str: 10    XL:     5   Next: 32%
Magic:  1/9        EV: 17    Int: 17    God:
Gold:   89         SH:  0    Dex: 12    Spells: 4/10 levels left

rFire   + . .      SeeInvis .     - Unarmed
rCold   + . .      Faith    .   (no shield)
rNeg    . . .      Spirit   .   (helmet restricted)
rPois   +          Reflect  .   (no amulet)
rElec   +          Harm     .   a - +4 ring of evasion
rCorr   +          Rampage  .   (no ring)
Will    .....                   (no ring)
Stlth   ++........              (no ring)
HPRegen 0.11/turn               (no ring)
MPRegen 0.11/turn               (no ring)
                                (no ring)
                                (no ring)

@: lethally poisoned (-2 -> -20), resistant
A: almost no armour, amphibious, 8 rings, camouflage 1, gelatinous body 1,
(nimble swimmer 1), tentacles
a: no special abilities


You were on level 3 of the Dungeon.
You visited 1 branch of the dungeon, and saw 3 of its levels.

You collected 89 gold pieces.

Inventory:

Jewellery
 a - a +4 ring of evasion (left tentacle)
Wands
 d - a wand of iceblast (13)
Scrolls
 e - 2 scrolls of fog


   Skills:
 * Level 2.2 Fighting
 * Level 2.3 Dodging
 + Level 3.7 Unarmed Combat
 * Level 3.0 Spellcasting
 * Level 3.1 Transmutations
 + Level 0.1 Poison Magic


You had 4 spell levels left.
You knew the following spells:

 Your Spells              Type           Power      Damage    Failure   Level
a - Beastly Appendage     Tmut           26%        N/A       4%          1
b - Wereblood             Tmut           13%        N/A       7%          2
c - Spider Form           Tmut/Pois      8%         N/A       26%         3

Your spell library contained the following spells:

 Spells                   Type           Power      Damage    Failure   Level
 Ice Form                 Ice/Tmut       7%         N/A       65%         4


Dungeon Overview and Level Annotations

Branches:
Dungeon (3/15)

Altars:

Shops:
D:1 [

Annotations:
D:2 1 runed translucent door, Crazy Yiuf
D:3 Robin


Innate Abilities, Weirdness & Mutations

You cannot wear most types of armour.
You are amphibious.
You can wear up to eight rings at the same time.
Your skin changes colour to match your surroundings (Stealth+).
Your rubbery body absorbs attacks. (AC +1, EV +1)
((You are camouflaged near water. (Stealth+)))
You have tentacles for arms and can constrict up to eight enemies at once.


Message History

You are poisoned.
The goblin barely misses you.
Unknown command.
You hit the goblin but do no damage.
The goblin is poisoned.
Your transformation is almost over.
* * * LOW HITPOINT WARNING * * *
You feel sick.
The goblin no longer looks unusually strong.
Robin completely misses you. The goblin completely misses you.
Unknown command.
You hit the goblin.
You kill the goblin!
* * * LOW HITPOINT WARNING * * *
You feel sick. Robin closely misses you.
A goblin comes into view. It is wielding a +0 club.
You feel better. Robin completely misses you.
Unknown command.
The goblin shouts!
Robin roars a battlecry!
Items here: )) ††.
The goblin no longer looks unusually strong.
Robin says, "My goblins will feast on your bones."
The goblin is engulfed in blazing flames.
The goblin dies!
A hobgoblin comes into view.
Robin hits you with a +2 spear of venom.
You are poisoned.
You hit Robin but do no damage.
Robin looks even sicker.
Robin is heavily wounded.
You feel sick.
Robin roars a battlecry!
The hobgoblins go into a battle-frenzy!
Unknown command.
You feel sick.
Robin hits you from afar with a +2 spear of venom.
* * * LOW HITPOINT WARNING * * *
You are more poisoned.
Unknown command.
Your transformation has ended.
You die...

#..#####...#
#...§§§..$$
##.g§○...$$
##g§☼§....
#g#####...
#g# §§ #.#
##.# #@.#
#..## #.##
#. .. ...
.... ....


You could see Robin (very poisoned) and 3 hobgoblins.

Vanquished Creatures
  A wyvern skeleton (D:3)
  4 gnolls (D:2)
  A dart slug (D:1)
  7 endoplasms
  2 giant cockroaches
  10 goblins
  4 hobgoblins
  4 kobolds
  A quokka (D:2)
  2 ball pythons (D:1)
  8 bats
  2 frilled lizards (D:2)
  7 rats
53 creatures vanquished.

Vanquished Creatures (others)
  2 goblins (D:3)
2 creatures vanquished.

Grand Total: 55 creatures vanquished

Notes
Turn   | Place    | Note
-------+----------+-------------------------------------------
     0 | D:1      | ytrimaz the Octopode Transmuter began the quest for the
                  | Orb.
     0 | D:1      | Reached XP level 1. HP: 13/13 MP: 3/3
   650 | D:1      | Reached XP level 2. HP: 13/18 MP: 3/5
   898 | D:1      | Found Ahucvept's Antique Armour Boutique.
  1146 | D:1      | Found a faded altar of an unknown god.
  1251 | D:2      | Reached XP level 3. HP: 21/23 MP: 6/6
  1254 | D:2      | Learned a level 2 spell: Wereblood
  1258 | D:2      | Learned a level 3 spell: Spider Form
  1744 | D:2      | Reached XP level 4. HP: 11/29 MP: 1/7
  2204 | D:2      | Found a runed translucent door.
  2205 | D:2      | Noticed Crazy Yiuf
  2552 | D:3      | Noticed Robin
  2593 | D:3      | Reached XP level 5. HP: 12/34 MP: 2/9
  2606 | D:3      | Succumbed to Robin's poison

Illustrated notes

Levels and vault maps discovered:
D:1:      mrwooster_arrival_arrow, layout_basic, serial_shops,
          nicolae_shop_crystal, hellmonk_ecumenical_altar_leap_of_faith,
          feat_on_display
D:2:      layout_loops_corners, uniq_crazy_yiuf_cottage
D:3:      layout_rooms, lemuel_flame_loot_1, uniq_robin

Skill      XL: |  1  2  3  4 |
---------------+-------------+-----
Fighting       | 2 |  2.2
Transmutations | 3 |  3.1
Spellcasting   | 3 |  3.0
Dodging        | |  2.3
Unarmed Combat | |  3.7
Poison Magic   | |  0.1

Action                   |  1- 3 |  4- 6 || total
-------------------------+-------+-------++-------
Melee: Unarmed           |    76 |    44 ||   120
       Constrict         |    21 |     3 ||    24
       Kick              |    13 |     3 ||    16
       Tentacles         |    11 |     2 ||    13
 Cast: Beastly Appendage |    17 |     4 ||    21
       Spider Form       |     1 |     2 ||     3
       Wereblood         |       |     1 ||     1
  Use: Scroll            |     2 |     1 ||     3
       Potion            |       |     2 ||     2
 Stab: Sleeping          |     7 |     1 ||     8
Armor: Skin              |    12 |     1 ||    13
Dodge: Dodged            |    69 |    37 ||   106

Table legend: (Time is in decaauts)
 A = Elapsed time spent in this place.
 B = Non-inter-level travel time spent in this place.
 C = Inter-level travel time spent in this place.
 D = Time resting spent in this place.
 E = Time spent auto-exploring this place.
 F = Levels seen in this place.
 G = Mean time per level.
                   A        B        C        D        E       F      G
               +--------+--------+--------+--------+--------+-----+--------+
         Total |   2598 |   2565 |     33 |      0 |   2100 |   3 |  866.0 |
       Dungeon |   2598 |   2565 |     33 |      0 |   2100 |   3 |  866.0 |
               +--------+--------+--------+--------+--------+-----+--------+

Top non-repeatable levels by time:
     D:2: 1280 daAuts
     D:1: 1242 daAuts
     D:3: 75 daAuts
